 Dungeon Crawl Stone Soup version 0.15-a0-1081-gb32516e (console) character file.

799 Che the Martial Artist (level 7, 0/46 HPs)
             Began as an Octopode Monk on May 28, 2014.
             Slain by a shadow imp (2 damage)
             ... on Level 6 of the Dungeon.
             The game lasted 00:09:12 (1613 turns).

Che the Martial Artist (Octopode Monk)              Turns: 1613, Time: 00:09:12

HP   0/46        AC  1     Str 12      XL: 7   Next: 90%
MP   7/7         EV 13     Int 13      God:
Gold 115         SH  0     Dex 14      Spells:  0 memorised,  6 levels left

rFire  . . .     SeeInvis .       - Unarmed
rCold  . . .     Clarity  .     (no shield)
rNeg   . . .     Conserve .     (helmet restricted)
rPois  .         rCorr    .     o - amulet of rage
rElec  .         rRot     .     r - ring of flight
SustAb .         Spirit   .     (no ring)
rMut   .         Warding  .     (no ring)
Gourm  .         Stasis   .     (no ring)
MR     .....                    (no ring)
                                (no ring)
                                (no ring)
                                (no ring)

@: not resistant to hostile enchantments, fairly stealthy
A: almost no armour, amphibious, 8 rings, constrict 8, camouflage 1, gelatinous
body 1
a: Evoke Berserk Rage, Evoke Flight


You were on level 6 of the Dungeon.
You were not hungry.

You visited 1 branch of the dungeon, and saw 6 of its levels.

You collected 115 gold pieces.

Inventory:

Missiles
 i - 2 curare-tipped needles
Magical devices
 k - a wand of draining (4) {unknown}
 q - a wand of magic darts (11)
Comestibles
 b - 3 bread rations
 d - a rotting chunk of worker ant flesh
 f - 2 rotting chunks of gnoll flesh
 n - 2 meat rations
Scrolls
 a - 2 scrolls of noise {unknown}
 c - 6 scrolls of remove curse {unknown}
 h - a scroll of teleportation {unknown}
 j - 2 scrolls of recharging {unknown}
Jewellery
 g - an uncursed ring of fire
 o - an amulet of rage (around mantle)
 r - a ring of flight (left tentacle)
Potions
 e - 2 potions of cure mutation
 m - a potion of resistance
 p - a potion of restore abilities


   Skills:
 - Level 3.0 Fighting
 - Level 3.0 Dodging
 - Level 2.6 Stealth
 + Level 9.5 Unarmed Combat


You had 6 spell levels left.
You didn't know any spells.

Dungeon Overview and Level Annotations

Branches:
Dungeon (6/15)
 Temple: D:4-7

Altars:
Trog
Vehumet

Shops:
D:6 =


Innate Abilities, Weirdness & Mutations

You cannot wear most types of armour.
You are amphibious.
You can wear up to eight rings at the same time.
You can use your tentacles to constrict many enemies at once.
Your skin changes colour to match your surroundings (Stealth).
Your rubbery body absorbs attacks (AC +1).


Message History

You constrict the jackal zombie, but do no damage.
The jackal zombie misses you.
You barely miss the jackal zombie. You constrict the jackal zombie.
The jackal zombie closely misses you.
You barely miss the jackal zombie. You squeeze the jackal zombie.
You destroy the jackal zombie!
The shadow imp closely misses you.
You tentacle-slap the shadow imp. Your grab misses the shadow imp.
Your squeeze misses the shadow imp.
The shadow imp is heavily wounded.
The shadow imp gestures at you. Pain shoots through your body!
* * * LOW HITPOINT WARNING * * *
You tentacle-slap the shadow imp. Your grab misses the shadow imp.
The shadow imp is almost dead.
The shadow imp barely misses you. The gnoll closely misses you.
You tentacle-slap the shadow imp. Your grab misses the shadow imp.
The shadow imp is almost dead.
The shadow imp hits you.
You die...

....# ##....... #...# ##.....
#...#. ...... #.... .......
#...# .5..... ....# #...#
##....... ......# #...##
##........# ......#
#...g######..?......# ......#
#....@5.............# ......#
##.#########......... ......#
#..# #.........
......#####.##########.........
..............................
.............................
............................
................###.......
.........(.....#####...


You could see a gnoll and a shadow imp.

Vanquished Creatures
  Pikel (D:4)
  A slave (D:4)
  A scorpion (D:4)
  2 hounds
  2 worker ants (D:5)
  An iguana (D:4)
  3 adders
  4 gnolls (D:6)
  An inept feature mimic (D:2)
  2 oozes
  9 orcs
  A giant cockroach (D:3)
  9 hobgoblins
  12 jackals
  A quokka (D:4)
  A ball python (D:5)
  5 bats
  A giant gecko (D:1)
  6 goblins
  A hobgoblin zombie (D:5)
  A jackal zombie (D:6)
  2 kobolds
  9 rats
  A rat skeleton (D:5)
77 creatures vanquished.

Vanquished Creatures (others)
  A wizard (D:4)
1 creature vanquished.

Grand Total: 78 creatures vanquished

Notes
Turn   | Place    | Note
--------------------------------------------------------------
     0 | D:1      | Che, the Octopode Monk, began the quest for the Orb.
     0 | D:1      | Reached XP level 1. HP: 16/16 MP: 1/1
    90 | D:1      | Reached XP level 2. HP: 18/21 MP: 2/2
   308 | D:2      | Reached skill level 5 in Unarmed Combat
   308 | D:2      | Reached XP level 3. HP: 26/26 MP: 3/3
   609 | D:3      | Reached XP level 4. HP: 7/31 MP: 4/4
   879 | D:4      | Found a bloodstained altar of Trog.
   880 | D:4      | Noticed a wizard
   886 | D:4      | Killed a wizard
   903 | D:4      | Reached skill level 6 in Unarmed Combat
  1052 | D:4      | Reached XP level 5. HP: 12/36 MP: 5/5
  1207 | D:4      | Noticed Pikel
  1207 | D:4      | Noticed a slave
  1207 | D:4      | Noticed a slave
  1208 | D:4      | Noticed a slave
  1208 | D:4      | Noticed a slave
  1214 | D:4      | Killed a slave
  1218 | D:4      | Killed Pikel
  1218 | D:4      | Reached skill level 8 in Unarmed Combat
  1218 | D:4      | Reached XP level 6. HP: 22/42 MP: 6/6
  1218 | D:4      | Reached XP level 7. HP: 24/46 MP: 7/7
  1228 | D:5      | Entered Level 5 of the Dungeon
  1248 | D:6      | Found Byuvohyo's Jewellery Shop.
  1253 | D:6      | Reached skill level 9 in Unarmed Combat
  1430 | D:5      | Found a radiant altar of Vehumet.
  1593 | D:6      | HP: 2/46 [shadow imp/nerve-wracking pain (8)]
  1611 | D:6      | HP: 2/46 [shadow imp/nerve-wracking pain (6)]
  1613 | D:6      | Slain by a shadow imp

Action                   |  1- 3 |  4- 6 |  7- 9 || total
-------------------------+-------+-------+-------++-------
Melee: Unarmed           |    65 |    62 |    45 ||   172
  Use: Scroll            |       |     6 |       ||     6
       Potion            |       |     1 |     2 ||     3
 Stab: Sleeping          |     8 |     1 |     1 ||    10
